Map: Jagannatha LE

Players

lorimbo - Winner!

  • Race: Zerg Zerg
  • League: Master
  • Spawn Location: 1:00

I.A. 1 (Molto facile)

  • Race: Protoss Protoss
  • Spawn Location: 7:00

VOD

Have the link to the VOD?

Description

Time

  • Played on: March 14, 2021, 4:47 p.m.
  • Length: 6:59
Show
View Real Time Build Order
Export as new Build Order

lorimbo Zerg - Winner!

Build Orders: Hatch First 

Get SALT Encoding   

  12  0:01  Drone  
  13  0:12  Overlord  
  13  0:17  Drone  
  14  0:30  Drone x2  
  16  0:49  Hatchery  
  15  0:52  Drone  
  15  0:55  Drone  
  17  1:10  Spawning Pool  
  16  1:12  Extractor  
  16  1:14  Drone  
  16  1:18  Drone  
  17  1:23  Drone  
  18  1:27  Drone  
  19  1:40  Drone  
  20  1:49  Overlord  
  20  1:57  Queen  
  20  2:00  Queen  
  24  2:02  Zergling x2  
  24  2:07  Drone  
  26  2:10  Drone  
  26  2:14  Drone  
  28  2:23  Drone x2  
  30  2:36  Hatchery  
  29  2:42  Drone x2  
  31  2:48  Overlord  
  31  2:50  Drone  
  32  2:59  Roach Warren  
  32  3:02  Evolution Chamber  
  32  3:04  Drone x2  
  32  3:09  Drone x2  
  33  3:17  Drone x3  
  33  3:18  Drone  
  37  3:25  Lair  
  37  3:27  Drone  
  37  3:30  Drone  
  37  3:32  Drone  
  37  3:33  Drone  
  41  3:39  Zerg Missile Weapons Level 1, Extractor  
  41  3:40  Extractor  
  39  3:43  Drone x2  
  41  3:49  Drone x3  
  41  3:53  Drone  
  41  3:54  Drone  
  46  4:00  Roach x2  
  50  4:03  Overlord  
  50  4:05  Overlord  
  50  4:19  Overlord  
  50  4:23  Glial Reconstitution  
  50  4:24  Roach x4  
  50  4:30  Roach x3  
  64  4:34  Roach  
  64  4:37  Overlord  
  66  4:42  Roach  
  66  4:43  Roach  
  70  4:48  Roach x2  
  70  4:52  Overlord  
  74  4:53  Overlord  
  74  4:58  Roach x2  
  78  5:00  Roach  
  78  5:03  Roach  
  78  5:06  Overlord  
  82  5:11  Roach x2  
  82  5:14  Roach  
  88  5:16  Roach  
  88  5:19  Roach  
  88  5:21  Roach  
  94  5:30  Roach x4  
  104  5:35  Roach  
  104  5:36  Roach  
  104  5:40  Overlord  
  104  5:42  Overlord  
  106  6:03  Roach x8  
  122  6:15  Overlord x2  
  122  6:28  Overlord  
  122  6:29  Overlord  
Show
View Real Time Build Order
Export as new Build Order

I.A. 1 (Molto facile) Protoss 

Build Orders:  

Get SALT Encoding   

  12  0:00  Probe  
  13  0:13  Probe  
  14  0:21  Pylon  
  14  0:37  Assimilator  
  14  0:43  Gateway  
  14  0:48  Pylon  
  14  1:14  Assimilator  
  14  1:23  Probe  
  14  1:30  Zealot  
  14  1:31  Probe  
  17  1:33  Cybernetics Core  
  17  1:39  Probe  
  19  1:49  Probe  
  20  1:59  Probe  
  20  2:00  Warp Gate  
  20  2:07  Probe  
  22  2:38  Stalker  
  24  6:01  Stalker  
  24  6:04  Pylon  
  20  6:14  Probe  
  14  6:22  Probe  
  13  6:29  Gateway  
  13  6:31  Probe  
  15  6:41  Pylon  
  15  6:43  Pylon, Probe  
Tags
 
League
Master
Matchup
PvZ
Spawn Locations
Cross Positions
Add a new tag
Caveats
  • Supply blocks, unpowered buildings, or Contaminate may cause inaccurate times.
  • Supply counts are checked every 10 seconds.